 Dungeon Sprint DCSS version 0.27-a0-40-g5f2be0e231 (webtiles) character file.

Game seed: 15499764636168037850

126370068 mhtbhm the Minotaur Barricade (level 23, 240/240 HPs)
             Began as a Minotaur Fighter on Jan 6, 2021.
             Was the Champion of the Shining One.
             Escaped with the Orb
             ... and 17 runes!
             The game lasted 00:30:47 (14435 turns).

mhtbhm the Minotaur Barricade (Minotaur Fighter)   Turns: 14435, Time: 00:30:47

Health: 240/240    AC: 46    Str: 36    XL:     23   Next: 96%
Magic:  42/42      EV: 19    Int:  7    God:    the Shining One [******]
Gold:   347        SH: 30    Dex: 10    Spells: 48/54 levels left

rFire    + . .     SeeInvis +   m - +4 eveningstar (holy)
rCold    + . .     Faith    .   c - +1 tower shield {AC+3}
rNeg     + + +     Spirit   .   b - +4 gold dragon scales
rPois    +         Reflect  .   (helmet restricted)
rElec    +         Harm     .   K - +2 cloak
rCorr    .         Rampage  .   x - +3 pair of gauntlets of War {Slay+5}
Will     ++++.     Clarity  +   o - +1 pair of boots Stlth +.........NoTele +
                                J - amulet of the Four Winds {rN+ Will+++ Clar}
HPRegen  0.50/turn              O - ring "Jehavig" {Str+5 Slay+3 SInv}
MPRegen  0.28/turn              P - ring "Tisotuim" {Wiz rElec rN+ Int+2 Slay+3}

@: glowing
A: retaliatory headbutt, horns 2, talons 1, berserk 1, screaming 1, inhibited
regeneration
0: Orb of Zot
}: 17/17 runes: decaying, serpentine, barnacled, slimy, elven, silver, golden,
iron, obsidian, icy, bone, abyssal, glowing, magical, fiery, dark, gossamer
a: Renounce Religion, Divine Shield, Cleansing Flame, Summon Divine Warrior,
Brand Weapon With Holy Wrath


You escaped.
You worshipped the Shining One.
The Shining One was exalted by your worship.
You visited 1 branch You collected 1985 gold pieces.
You spent 1638 gold pieces at shops.

Inventory:

Hand Weapons
 a - the +5 double sword of Cootayj {vorpal, *Noise rN+ Int+4 Dex+3}
   (You found it in the Dungeon)

   It inflicts extra damage upon your enemies.
   It affects your intelligence (+4).
   It affects your dexterity (+3).
   It protects you from negative energy.
   It may make noises in combat.
 m - a +4 eveningstar of holy wrath (weapon)
Missiles
 B - 24 silver javelins (quivered)
Armour
 b - +4 gold dragon scales (worn)
 c - a +1 tower shield of protection (worn)
 o - a +1 pair of boots (worn)
 x - the +3 pair of gauntlets of War (worn) {Slay+5}
   (You found it in the Dungeon)

   It affects your accuracy and damage with ranged weapons and melee attacks
   (+5).
 K - a +2 cloak (worn)
Jewellery
 J - the amulet of the Four Winds (around neck) {rN+ Will+++ Clar}
   (You found it in the Dungeon)

   [amulet of nothing]

   It protects you from negative energy.
   It affects your willpower, your defense against some magical effects.
   It protects you against confusion.
 O - the ring "Jehavig" (left hand) {Str+5 Slay+3 SInv}
   (You found it in the Dungeon)

   [ring of see invisible]

   It affects your strength (+5).
   It affects your accuracy and damage with ranged weapons and melee attacks
   (+3).
   It lets you see invisible.
 P - the ring "Tisotuim" (right hand) {Wiz rElec rN+ Int+2 Slay+3}
   (You found it in the Dungeon)

   [ring of wizardry]

   It improves your spell success rate.
   It affects your intelligence (+2).
   It affects your accuracy and damage with ranged weapons and melee attacks
   (+3).
   It insulates you from electricity.
   It protects you from negative energy.
Wands
 w - a wand of iceblast (3)
 z - a wand of paralysis (6)
Scrolls
 j - 2 scrolls of blinking
 k - 9 scrolls of remove curse
 l - 2 scrolls of amnesia
 p - a scroll of enchant weapon
 v - 9 scrolls of fear
 G - 3 scrolls of fog
Potions
 d - 3 potions of might
 e - 4 potions of curing
 f - 5 potions of heal wounds
 g - 6 potions of haste
 h - 6 potions of magic
 i - 8 potions of berserk rage
 n - a potion of attraction {unknown}
 r - 2 potions of brilliance
 s - 2 potions of mutation
 u - 2 potions of cancellation
 I - 2 potions of lignification {unknown}
Miscellaneous
 y - a lightning rod (4/4)
 A - a tin of tremorstones (2/2)


   Skills:
 O Level 27 Fighting
 - Level 8.0(18.6) Short Blades
 O Level 27 Long Blades
 + Level 25.8(27) Axes
 O Level 27 Maces & Flails
 - Level 8.8(19.8) Polearms
 - Level 8.6(20.4) Staves
 O Level 27 Slings
 - Level 1.8 Bows
 - Level 1.8 Crossbows
 O Level 27 Throwing
 O Level 27 Armour
 O Level 27 Dodging
 O Level 27 Stealth
 O Level 27 Shields
 + Level 16.3 Spellcasting
 + Level 17.6 Conjurations
 - Level 1.3 Hexes
 - Level 1.1 Summonings
 - Level 1.1 Necromancy
 - Level 1.2 Translocations
 - Level 1.2 Transmutations
 - Level 1.1 Fire Magic
 - Level 1.2 Ice Magic
 - Level 1.2 Air Magic
 + Level 19.0 Earth Magic
 - Level 1.5 Poison Magic
 O Level 27 Invocations
 O Level 27 Evocations


You had 48 spell levels left.
You knew the following spells:

 Your Spells              Type           Power        Failure   Level
a - Iron Shot             Conj/Erth      15%          1%          6

Your spell library contained the following spells:

 Spells                   Type           Power        Failure   Level
 Iskenderun's Battlesphe  Conj           30%          1%          5
 Bolt of Magma            Conj/Fire/Erth 11%          2%          5
 Orb of Destruction       Conj           15%          9%          7
 Spellforged Servitor     Conj/Summ      9%           91%         7


Dungeon Overview and Level Annotations

Branches:
Dungeon (1/1)

Altars:
Cheibriados
Dithmenos
Elyvilon
Fedhas
Gozag
Hepliaklqana
Kikubaaqudgha
Makhleb
Nemelex Xobeh
Okawaru
Qazlal
Ru
Sif Muna
Trog
Uskayaw
Vehumet
Wu Jian
Xom
Yredelemnul
Zin
The Shining One
Beogh
Jiyva
Lugonu

Shops:
D (}!(


Innate Abilities, Weirdness & Mutations

You reflexively headbutt those who attack you in melee.
You have a pair of horns on your head.
You have sharp toenails.
You tend to lose your temper in combat.
You occasionally shout uncontrollably at your foes.
You do not regenerate when monsters are visible.


Message History

There is an iron altar of Okawaru here.
There is a sparkling altar of Nemelex Xobeh here.
There is a burning altar of Makhleb here.
There is a corrupted altar of Lugonu here.
There is an ancient bone altar of Kikubaaqudgha here.
There is a hazy altar of Hepliaklqana here.
There is an opulent altar of Gozag here.
There is a blossoming altar of Fedhas here.
There is a white marble altar of Elyvilon here.
There is a shadowy altar of Dithmenos here.
There is a snail-covered altar of Cheibriados here.
There is a roughly hewn altar of Beogh here.
There is an open door to the Temple here.
There is an open door here.
There is an open door to the Dungeon here.
You see here a +0 club.
There is a staircase leading out of the dungeon here.
Okay, then.
Unknown command.
You have escaped!

▓.............).))
▓.▓▓▓▓▓▓▓▓▓▓▓▓▓▓▓▓
▓.................
▓▓▓▓▓▓▓▓▓▓▓▓▓▓▓▓▓▓
▓.......'.......!.
▓.▓▓▓▓▓▓▓▓▓▓▓▓▓▓▓▓
▓..)))[...........
▓▓▓▓▓▓▓▓▓▓▓▓▓▓▓▓▓▓
▓@...).....'.....'
▓▓▓▓▓▓▓▓▓▓▓▓▓▓▓▓▓▓


There were no monsters in sight!

Vanquished Creatures
  Cerebov (D)
  Asmodeus (D)
  Antaeus (D)
  the Royal Jelly (D)
  Gloorx Vloq (D)
  Mnoleg (D)
  A seraph (D)
  Lom Lobon (D)
  7 ancient liches (D)
  Dispater (D)
  Mennas (D)
  6 orbs of fire (D)
  Mara (D)
  5 royal mummies (D)
  Xtahua (D)
  Saint Roka (D)
  Frederick (D)
  Geryon (D)
  2 curse toes (D)
  4 golden dragons (D)
  Jory (D)
  2 electric golems (D)
  9 pandemonium lords (D)
  2 Tzitzimimeh (D)
  3 Brimstone Fiends (D)
  7 tentacled monstrosities (D)
  34 Orb Guardians (D)
  7 liches (D)
  2 Ice Fiends (D)
  A quicksilver dragon (D)
  5 deep elf blademasters (D)
  2 deep elf master archers (D)
  15 acid blobs (D)
  2 Executioners (D)
  12 sphinxes (D)
  3 death cobs (D)
  A warmonger (D)
  A draconian monk (D)
  4 storm dragons (D)
  A tengu reaver (D)
  8 shadow dragons (D)
  8 azure jellies (D)
  9 nagarajas (D)
  A draconian knight (D)
  A fire giant (D)
  Ilsuiw (D)
  A daeva (D)
  2 vault wardens (D)
  2 deep elf sorcerers (D)
  2 ghost moths (D)
  3 emperor scorpions (D)
  Aizul (D)
  2 frost giants (D)
  4 draconian annihilators (D)
  A draconian shifter (D)
  3 balrugs (D)
  2 cacodemons (D)
  A reaper (D)
  A war gargoyle (D)
  7 stone giants (D)
  2 blood saints (D)
  A draconian stormcaller (D)
  3 ironheart preservers (D)
  2 corrupters (D)
  2 green draconians (D)
  3 black suns (D)
  8 vampire knights (D)
  4 black draconians (D)
  A red draconian (D)
  A starcursed mass (D)
  3 purple draconians (D)
  An entropy weaver (D)
  A bunyip (D)
  2 spark wasps (D)
  A yellow draconian (D)
  2 white draconians (D)
  Snorg (D)
  A blizzard demon (D)
  2 deep elf death magi (D)
  3 ettins (D)
  4 merfolk javelineers (D)
  4 mummy priests (D)
  3 great orbs of eyes (D)
  5 death oozes (D)
  4 merfolk impalers (D)
  4 yaktaur captains (D)
  2 fire dragons (D)
  3 deep elf high priests (D)
  2 hell beasts (D)
  25 vault guards (D)
  6 ice dragons (D)
  Harold (D)
  2 boulder beetles (D)
  A monstrous demonspawn (D)
  11 hydras (D)
  3 naga warriors (D)
  An anaconda (D)
  A spriggan air mage (D)
  9 ogre magi (D)
  2 centaur warriors (D)
  A tengu warrior (D)
  7 two-headed ogres (D)
  5 merfolk aquamancers (D)
  2 alligators (D)
  5 sun demons (D)
  A shock serpent (D)
  A naga sharpshooter (D)
  2 spriggan berserkers (D)
  2 soul eaters (D)
  A shadow wraith (D)
  A sixfirhy (D)
  A hell knight (D)
  A wretched star (D)
  A sea snake (D)
  5 swamp dragons (D)
  2 bog bodies (D)
  2 glowing orange brains (D)
  A naga ritualist (D)
  A shadow demon (D)
  An unseen horror (D)
  A torturous demonspawn (D)
  2 gelid demonspawn (D)
  2 ironbrand convokers (D)
  An infernal demonspawn (D)
  4 ugly things (D)
  3 orc knights (D)
  A harpy (D)
  An orb spider (D)
  2 cyclopes (D)
  2 manticores (D)
  3 wolf spiders (D)
  A will-o-the-wisp (D)
  12 moths of wrath (D)
  Joseph (D)
  4 smoke demons (D)
  2 naga magi (D)
  4 rust devils (D)
  4 black mambas (D)
  3 vault sentinels (D)
  3 orange demons (D)
  4 cane toads (D)
  3 yaktaurs (D)
  3 tormentors (D)
  A komodo dragon (D)
  19 guardian mummies (D)
  4 hellwings (D)
  2 demonic crawlers (D)
  A meliai (shapeshifter) (D)
  2 trolls (D)
  6 jumping spiders (D)
  3 merfolk (D)
  A troll (shapeshifter) (D)
  A wandering mushroom (D)
  A hornet (D)
  A tyrant leech (D)
  3 blink frogs (D)
  A blink frog (shapeshifter) (D)
  2 snapping turtles (D)
  A redback (D)
  A tarantella (D)
  3 yaks (D)
  11 spriggans (D)
  2 ynoxinuls (D)
  2 basilisks (D)
  Grum (D)
  A human (shapeshifter) (D)
  A golden eye (D)
  A chaos spawn (D)
  2 vampire mosquitoes (D)
  2 neqoxecs (D)
  8 large abominations (D)
  A naga (D)
  3 water moccasins (D)
  3 floating eyes (D)
  An acid dragon (D)
  14 orc warriors (D)
  A sky beast (D)
  An eye of draining (D)
  2 black bears (D)
  6 wolves (D)
  4 ogres (D)
  5 bullfrogs (D)
  A wight (D)
  A quasit (D)
  A hound (D)
  4 orc priests (D)
  An orc wizard (D)
  An iron imp (D)
  A worker ant (D)
  4 small abominations (D)
  2 oozes (D)
  An adder zombie (D)
  An adder simulacrum (D)
  A leopard gecko (D)
  12 orcs (D)
  A bat (D)
  A bat skeleton (D)
  2 bat zombies (D)
  3 hobgoblins (D)
  A frilled lizard (D)
  A leopard gecko zombie (D)
  A quokka zombie (D)
  4 ball lightnings (D)
  A fire vortex (D)
630 creatures vanquished.

Vanquished Creatures (others)
  Ereshkigal (D)
  An orc knight (D)
  3 ball lightnings (D)
  8 foxfires (D)
13 creatures vanquished.

Grand Total: 643 creatures vanquished

Notes
Turn   | Place    | Note
-------+----------+-------------------------------------------
     0 | D        | mhtbhm the Minotaur Fighter began the quest for the Orb.
     0 | D        | Reached XP level 1. HP: 19/19 MP: 0/0
    10 | D        | Reached XP level 2. HP: 28/28 MP: 1/1
    25 | D        | Reached skill level 5 in Fighting
    25 | D        | Reached skill level 5 in Armour
    25 | D        | Reached skill level 5 in Shields
    25 | D        | Reached XP level 3. HP: 23/36 MP: 2/2
    29 | D        | Reached XP level 4. HP: 29/44 MP: 3/3
   130 | D        | Found a roughly hewn altar of Beogh.
   130 | D        | Found a snail-covered altar of Cheibriados.
   130 | D        | Found a shadowy altar of Dithmenos.
   130 | D        | Found a white marble altar of Elyvilon.
   130 | D        | Found a blossoming altar of Fedhas.
   130 | D        | Found an opulent altar of Gozag.
   131 | D        | Found a hazy altar of Hepliaklqana.
   132 | D        | Found a viscous altar of Jiyva.
   133 | D        | Found an ancient bone altar of Kikubaaqudgha.
   134 | D        | Found a corrupted altar of Lugonu.
   135 | D        | Found a burning altar of Makhleb.
   136 | D        | Found a sparkling altar of Nemelex Xobeh.
   137 | D        | Found an iron altar of Okawaru.
   138 | D        | Found a stormy altar of Qazlal.
   139 | D        | Found a sacrificial altar of Ru.
   140 | D        | Found a shimmering blue altar of Sif Muna.
   141 | D        | Found a bloodstained altar of Trog.
   142 | D        | Found a hide-covered altar of Uskayaw.
   143 | D        | Found a radiant altar of Vehumet.
   144 | D        | Found an ornate altar of the Wu Jian Council.
   145 | D        | Found a shimmering altar of Xom.
   146 | D        | Found a basalt altar of Yredelemnul.
   147 | D        | Found a glowing silver altar of Zin.
   148 | D        | Found a glowing golden altar of the Shining One.
   156 | D        | Became a worshipper of the Shining One
   196 | D        | Noticed an ogre
   196 | D        | Noticed an orc warrior
   196 | D        | Reached * piety under the Shining One
   196 | D        | Noticed a bullfrog
   196 | D        | Reached ** piety under the Shining One
   202 | D        | Killed an ogre
   203 | D        | Reached skill level 1 in Dodging
   203 | D        | Reached XP level 5. HP: 52/52 MP: 4/4
   207 | D        | Killed an orc warrior
   211 | D        | Reached XP level 6. HP: 47/62 MP: 5/5
   214 | D        | Reached *** piety under the Shining One
   272 | D        | Noticed a troll
   272 | D        | Noticed a centaur warrior
   272 | D        | Noticed a troll
   272 | D        | Noticed a sky beast
   272 | D        | Reached **** piety under the Shining One
   272 | D        | Noticed a yak
   279 | D        | Killed a troll
   280 | D        | Reached skill level 10 in Long Blades
   280 | D        | Reached XP level 7. HP: 32/70 MP: 6/6
   283 | D        | Killed a centaur warrior
   284 | D        | Reached skill level 10 in Shields
   284 | D        | Reached XP level 8. HP: 37/79 MP: 7/7
   286 | D        | Killed a troll
   287 | D        | Reached skill level 10 in Fighting
   287 | D        | Reached skill level 10 in Armour
   661 | D        | Noticed a cane toad
   661 | D        | Noticed a komodo dragon
   661 | D        | Reached ***** piety under the Shining One
   661 | D        | Noticed a black mamba
   668 | D        | Noticed a cane toad
   676 | D        | Killed a cane toad
   677 | D        | Reached skill level 15 in Long Blades
   677 | D        | Reached XP level 9. HP: 83/86 MP: 8/8
   681 | D        | Killed a komodo dragon
   691 | D        | Killed a black mamba
   692 | D        | Reached skill level 1 in Evocations
   700 | D        | Killed a cane toad
   937 | D        | Noticed a cane toad
   937 | D        | Noticed a cane toad
   945 | D        | Killed a cane toad
   953 | D        | Killed a cane toad
   954 | D        | Reached XP level 10. HP: 55/97 MP: 9/9
  1273 | D        | Reached ****** piety under the Shining One
  1703 | D        | Noticed Joseph
  1706 | D        | Noticed Grum
  1712 | D        | Killed Joseph
  1726 | D        | Killed Grum
  1922 | D        | Noticed an orc knight
  1943 | D        | Killed an orc knight
  1944 | D        | Reached skill level 1 in Stealth
  1944 | D        | Reached XP level 11. HP: 53/111 MP: 10/10
  2161 | D        | Found Cuis's Weapon Emporium.
  2161 | D        | Noticed an ogre mage
  2161 | D        | Noticed a two-headed ogre
  2161 | D        | Noticed a two-headed ogre
  2161 | D        | Noticed a two-headed ogre
  2162 | D        | Noticed an ogre mage
  2166 | D        | Killed an ogre mage
  2172 | D        | Killed a two-headed ogre
  2173 | D        | Reached skill level 15 in Fighting
  2173 | D        | Reached skill level 15 in Shields
  2179 | D        | Killed a two-headed ogre
  2180 | D        | Found Oxoti's Gadget Shoppe.
  2181 | D        | Noticed a two-headed ogre
  2184 | D        | Killed a two-headed ogre
  2185 | D        | Noticed a two-headed ogre
  2187 | D        | Noticed a two-headed ogre
  2192 | D        | Killed an ogre mage
  2193 | D        | Killed a two-headed ogre
  2195 | D        | Killed a two-headed ogre
  2201 | D        | Killed a two-headed ogre
  2415 | D        | Found Gigixo Gari's Distillery.
  2419 | D        | Found Gewnurog's Antique Weapon Shoppe.
  2424 | D        | Noticed an ogre mage
  2424 | D        | Noticed a two-headed ogre
  2431 | D        | Killed an ogre mage
  2432 | D        | Reached skill level 5 in Dodging
  2437 | D        | Killed a two-headed ogre
  2494 | D        | Bought a potion of haste for 140 gold pieces
  2494 | D        | Bought a potion of berserk rage for 70 gold pieces
  2494 | D        | Bought a potion of haste for 140 gold pieces
  2494 | D        | Bought a potion of might for 56 gold pieces
  2494 | D        | Bought a potion of berserk rage for 70 gold pieces
  2494 | D        | Bought a potion of berserk rage for 70 gold pieces
  2496 | D        | Bought a lightning rod (4/4) for 420 gold pieces
  2508 | D        | Bought a wand of paralysis (6) for 112 gold pieces
  2508 | D        | Bought a tin of tremorstones (2/2) for 560 gold pieces
  2546 | D        | Noticed Harold
  2555 | D        | Killed Harold
  2556 | D        | Reached XP level 12. HP: 125/125 MP: 11/11
  2637 | D        | Got the +5 double sword of Cootayj {vorpal, *Noise rN+
                  | Int+4 Dex+3}
  2701 | D        | Noticed a tengu warrior
  2710 | D        | Killed a tengu warrior
  2715 | D        | Reached skill level 15 in Armour
  2725 | D        | Noticed a centaur warrior
  2726 | D        | Noticed an ice dragon
  2730 | D        | Noticed an ettin
  2731 | D        | Killed a centaur warrior
  2732 | D        | Noticed an ogre mage
  2735 | D        | Noticed a fire dragon
  2736 | D        | Killed an ice dragon
  2746 | D        | Killed an ettin
  2749 | D        | Killed a fire dragon
  2773 | D        | Killed an ogre mage
  3138 | D        | Noticed a merfolk javelineer
  3146 | D        | Noticed a merfolk javelineer
  3147 | D        | Killed a merfolk javelineer
  3164 | D        | Killed a merfolk javelineer
  3390 | D        | Noticed an entropy weaver
  3404 | D        | Reached skill level 1 in Throwing
  3404 | D        | Reached skill level 5 in Evocations
  3404 | D        | Reached XP level 13. HP: 64/139 MP: 12/12
  3408 | D        | Killed an entropy weaver
  3750 | D        | Noticed a bunyip
  3756 | D        | Killed a bunyip
  4262 | D        | Noticed Aizul
  4279 | D        | Killed Aizul
  4719 | D        | Noticed a stone giant
  4719 | D        | Noticed a stone giant
  4719 | D        | Noticed a stone giant
  4721 | D        | Noticed a stone giant
  4723 | D        | Noticed an ettin
  4728 | D        | Reached skill level 5 in Throwing
  4729 | D        | Killed a stone giant
  4730 | D        | Killed a stone giant
  4730 | D        | Noticed a spark wasp
  4731 | D        | Noticed a stone giant
  4732 | D        | Noticed a fire giant
  4733 | D        | Killed a stone giant
  4734 | D        | Killed an ettin
  4737 | D        | Killed a stone giant
  4737 | D        | Killed a stone giant
  4738 | D        | Reached XP level 14. HP: 131/151 MP: 13/13
  4738 | D        | Noticed a frost giant
  4740 | D        | Noticed a lich
  4741 | D        | Killed a fire giant
  4744 | D        | Noticed an Executioner
  4750 | D        | Killed a frost giant
  4752 | D        | Killed a lich
  5101 | D        | Noticed a stone giant
  5111 | D        | Killed a stone giant
  5116 | D        | Reached skill level 1 in Invocations
  5199 | D        | Noticed a vault warden
  5211 | D        | Killed a vault warden
  5226 | D        | Noticed an ironheart preserver
  5227 | D        | Noticed an ironheart preserver
  5234 | D        | Killed an ironheart preserver
  5241 | D        | Killed an ironheart preserver
  5242 | D        | Reached skill level 10 in Throwing
  5418 | D        | Found the +3 pair of gauntlets of War {Slay+5}
  5545 | D        | Noticed Xtahua
  5555 | D        | Killed Xtahua
  5607 | D        | Noticed a nagaraja
  5607 | D        | Noticed a nagaraja
  5607 | D        | Noticed a nagaraja
  5607 | D        | Noticed a nagaraja
  5607 | D        | Noticed a nagaraja
  5608 | D        | Noticed a nagaraja
  5614 | D        | Killed a nagaraja
  5616 | D        | Killed a nagaraja
  5617 | D        | Killed a nagaraja
  5617 | D        | Killed a nagaraja
  5617 | D        | Killed a nagaraja
  5618 | D        | Reached XP level 15. HP: 140/163 MP: 14/16
  5618 | D        | Noticed a nagaraja
  5621 | D        | Killed a nagaraja
  5622 | D        | Noticed a nagaraja
  5625 | D        | Noticed a nagaraja
  5632 | D        | Killed a nagaraja
  5642 | D        | Killed a nagaraja
  5649 | D        | Killed a nagaraja
  5664 | D        | Got a serpentine rune of Zot
  5779 | D        | Got a decaying rune of Zot
  5789 | D        | Noticed Ilsuiw
  5804 | D        | Killed Ilsuiw
  5851 | D        | Got a barnacled rune of Zot
  5859 | D        | Noticed a ghost moth
  5862 | D        | Killed a ghost moth
  5863 | D        | Noticed a ghost moth
  5877 | D        | Killed a ghost moth
  5900 | D        | Reached skill level 27 in Shields
  5900 | D        | Reached skill level 5 in Invocations
  5901 | D        | Got a gossamer rune of Zot
  6007 | D        | Noticed Saint Roka
  6023 | D        | Killed Saint Roka
  6024 | D        | Reached XP level 16. HP: 161/178 MP: 18/20
  6090 | D        | Noticed Jory
  6099 | D        | Killed Jory
  6179 | D        | Reached skill level 15 in Throwing
  6179 | D        | Reached skill level 10 in Invocations
  6274 | D        | Reached skill level 27 in Long Blades
  6281 | D        | Noticed a quicksilver dragon
  6282 | D        | Found the amulet of the Four Winds {rN+ Will+++ Clar}
  6285 | D        | Reached skill level 27 in Fighting
  6288 | D        | Killed a quicksilver dragon
  6293 | D        | Noticed a shadow dragon
  6307 | D        | Killed a shadow dragon
  6308 | D        | Noticed a shadow dragon
  6325 | D        | Killed a shadow dragon
  6326 | D        | Reached skill level 15 in Invocations
  6326 | D        | Noticed a tengu reaver
  6343 | D        | Killed a tengu reaver
  6406 | D        | Noticed a shadow dragon
  6406 | D        | Noticed a tentacled monstrosity
  6406 | D        | Noticed a tentacled monstrosity
  6406 | D        | Noticed a shadow dragon
  6414 | D        | Killed a shadow dragon
  6420 | D        | Killed a tentacled monstrosity
  6420 | D        | Noticed a shadow dragon
  6424 | D        | Killed a tentacled monstrosity
  6425 | D        | Reached XP level 17. HP: 191/191 MP: 28/28
  6450 | D        | Got a silver rune of Zot
  6503 | D        | Noticed Mennas
  6512 | D        | Killed Mennas
  6513 | D        | Reached skill level 1 in Short Blades
  6513 | D        | Reached skill level 1 in Axes
  6513 | D        | Reached skill level 1 in Maces & Flails
  6513 | D        | Reached skill level 1 in Polearms
  6513 | D        | Reached skill level 1 in Staves
  6513 | D        | Reached skill level 1 in Slings
  6513 | D        | Reached skill level 1 in Bows
  6513 | D        | Reached skill level 1 in Crossbows
  6513 | D        | Reached skill level 1 in Poison Magic
  6539 | D        | Noticed Snorg
  6541 | D        | Noticed Mara
  6547 | D        | Noticed mhtbhm's illusion
  6547 | D        | Killed Snorg
  6573 | D        | Noticed mhtbhm's illusion
  6578 | D        | Killed Mara
  6579 | D        | Reached skill level 1 in Conjurations
  6579 | D        | Reached skill level 1 in Hexes
  6579 | D        | Reached skill level 1 in Summonings
  6579 | D        | Reached skill level 1 in Necromancy
  6579 | D        | Reached skill level 1 in Translocations
  6579 | D        | Reached skill level 1 in Transmutations
  6579 | D        | Reached skill level 1 in Fire Magic
  6579 | D        | Reached skill level 1 in Ice Magic
  6579 | D        | Reached skill level 1 in Air Magic
  6579 | D        | Reached skill level 1 in Earth Magic
  6788 | D        | Got the ring "Seozuf" {Fire rPois Will+}
  6790 | D        | Got the amulet of Ymuxtode {Faith rPois}
  6792 | D        | Got the ring of Feysogam {Str+9 Int+3 Slay-5 SInv Stlth-}
  6794 | D        | Got the ring "Jehavig" {Str+5 Slay+3 SInv}
  6796 | D        | Got the ring "Tisotuim" {Wiz rElec rN+ Int+2 Slay+3}
  6919 | D        | Noticed Frederick
  6933 | D        | Killed Frederick
  7063 | D        | Noticed a golden dragon
  7072 | D        | Killed a golden dragon
  7196 | D        | Noticed a tentacled monstrosity
  7196 | D        | Noticed a tentacled monstrosity
  7203 | D        | Killed a tentacled monstrosity
  7214 | D        | Killed a tentacled monstrosity
  7291 | D        | Noticed an orb of fire
  7292 | D        | Killed an orb of fire
  7293 | D        | Reached XP level 18. HP: 200/200 MP: 31/31
  7311 | D        | Reached skill level 27 in Armour
  7345 | D        | Noticed a golden dragon
  7353 | D        | Killed a golden dragon
  7359 | D        | Noticed a curse toe
  7366 | D        | Killed a curse toe
  7481 | D        | Noticed a golden dragon
  7481 | D        | Noticed a tentacled monstrosity
  7483 | D        | Killed a tentacled monstrosity
  7485 | D        | Killed a golden dragon
  7595 | D        | Noticed an Orb Guardian
  7595 | D        | Noticed an Orb Guardian
  7595 | D        | Noticed an Orb Guardian
  7595 | D        | Noticed an Orb Guardian
  7595 | D        | Noticed an Orb Guardian
  7595 | D        | Noticed an Orb Guardian
  7599 | D        | Killed an Orb Guardian
  7599 | D        | Noticed an Orb Guardian
  7601 | D        | Killed an Orb Guardian
  7602 | D        | Killed an Orb Guardian
  7608 | D        | Killed an Orb Guardian
  7609 | D        | Noticed an Orb Guardian
  7610 | D        | Killed an Orb Guardian
  7611 | D        | Killed an Orb Guardian
  7611 | D        | Noticed an Orb Guardian
  7614 | D        | Noticed an Orb Guardian
  7616 | D        | Killed an Orb Guardian
  7620 | D        | Killed an Orb Guardian
  7628 | D        | Killed an Orb Guardian
  7636 | D        | Killed an Orb Guardian
  7647 | D        | Noticed an Orb Guardian
  7647 | D        | Noticed an Orb Guardian
  7647 | D        | Noticed a curse toe
  7652 | D        | Killed an Orb Guardian
  7652 | D        | Killed an Orb Guardian
  7654 | D        | Noticed an Orb Guardian
  7655 | D        | Killed a curse toe
  7655 | D        | Killed an Orb Guardian
  7656 | D        | Reached XP level 19. HP: 198/207 MP: 34/34
  7670 | D        | Noticed an ancient lich
  7675 | D        | Killed an ancient lich
  7678 | D        | Noticed an orb of fire
  7684 | D        | Killed an orb of fire
  7858 | D        | Noticed an electric golem
  7865 | D        | Killed an electric golem
  7927 | D        | Noticed an ancient lich
  7927 | D        | Noticed an orb of fire
  7927 | D        | Noticed an orb of fire
  7927 | D        | Noticed an orb of fire
  7927 | D        | Noticed a golden dragon
  7928 | D        | Noticed an ancient lich
  7931 | D        | Killed an orb of fire
  7932 | D        | Reached skill level 27 in Dodging
  7932 | D        | Killed an ancient lich
  7932 | D        | Killed an ancient lich
  7932 | D        | Noticed an orb of fire
  7933 | D        | Reached skill level 27 in Throwing
  7933 | D        | Reached skill level 27 in Invocations
  7933 | D        | Killed an orb of fire
  7935 | D        | Killed an orb of fire
  7935 | D        | Gained mutation: You occasionally shout uncontrollably at
                  | your foes. [an orb of fire]
  7937 | D        | Killed an orb of fire
  7938 | D        | Reached skill level 10 in Slings
  7938 | D        | Reached skill level 5 in Stealth
  7938 | D        | Reached skill level 10 in Evocations
  7938 | D        | Noticed an ancient lich
  7939 | D        | Killed a golden dragon
  7945 | D        | Killed an ancient lich
  7949 | D        | Noticed an ancient lich
  7952 | D        | Noticed an electric golem
  7961 | D        | Killed an ancient lich
  7962 | D        | Reached skill level 10 in Stealth
  7962 | D        | Reached XP level 20. HP: 216/216 MP: 36/36
  8048 | D        | Reached skill level 15 in Slings
  8053 | D        | Reached skill level 15 in Evocations
  8160 | D        | Noticed an ancient lich
  8165 | D        | Killed an ancient lich
  8166 | D        | Reached skill level 15 in Stealth
  8185 | D        | Noticed an ancient lich
  8206 | D        | Killed an ancient lich
  8403 | D        | Got an elven rune of Zot
  8518 | D        | Reached XP level 21. HP: 224/224 MP: 37/37
  8548 | D        | Noticed the Royal Jelly
  8554 | D        | Killed the Royal Jelly
  8590 | D        | Paralysed by a floating eye for 3 turns
  8610 | D        | Got a slimy rune of Zot
  9131 | D        | Reached skill level 27 in Slings
  9786 | D        | Noticed a royal mummy
  9786 | D        | Noticed a royal mummy
  9786 | D        | Noticed a royal mummy
  9789 | D        | Killed a royal mummy
  9789 | D        | Noticed a royal mummy
  9794 | D        | Killed a royal mummy
  9795 | D        | Killed a royal mummy
  9799 | D        | Killed a royal mummy
 10125 | D        | Noticed a royal mummy
 10139 | D        | Killed a royal mummy
 10141 | D        | Got a golden rune of Zot
 10261 | D        | Got an abyssal rune of Zot
 10386 | D        | Noticed Geryon
 10398 | D        | Killed Geryon
 10422 | D        | Identified the +7 sceptre of Asmodeus
 10422 | D        | Noticed Asmodeus
 10422 | D        | Noticed Ereshkigal
 10443 | D        | Identified the +4 staff of Dispater
 10443 | D        | Noticed Dispater
 10447 | D        | Killed Asmodeus
 10448 | D        | Reached skill level 27 in Evocations
 10448 | D        | Reached XP level 22. HP: 86/233 MP: 28/38
 10453 | D        | Identified the +6 sword of Cerebov {flame}
 10453 | D        | Noticed Cerebov
 10457 | D        | Killed Ereshkigal
 10458 | D        | Reached skill level 27 in Stealth
 10465 | D        | Killed Dispater
 10466 | D        | Reached skill level 10 in Axes
 10485 | D        | Killed Cerebov
 10486 | D        | Reached skill level 5 in Spellcasting
 10927 | D        | Got an obsidian rune of Zot
 10931 | D        | Got a bone rune of Zot
 10933 | D        | Noticed Antaeus
 10934 | D        | Noticed Mnoleg
 10937 | D        | Noticed Lom Lobon
 10946 | D        | Noticed Gloorx Vloq
 10949 | D        | Killed Antaeus
 10955 | D        | Killed Mnoleg
 10956 | D        | Reached skill level 15 in Axes
 10970 | D        | HP: 11/233 [??? (4)]
 10972 | D        | Killed Gloorx Vloq
 10973 | D        | Reached skill level 10 in Earth Magic
 10985 | D        | HP: 11/233 [poisoned by Gloorx Vloq (dark miasma)]
 10990 | D        | HP: 10/233 [poisoned by Gloorx Vloq (dark miasma)]
 10995 | D        | HP: 9/233 [poisoned by Gloorx Vloq (dark miasma)]
 11000 | D        | HP: 10/233 [poisoned by Gloorx Vloq (dark miasma)]
 11005 | D        | HP: 11/233 [poisoned by Gloorx Vloq (dark miasma)]
 11577 | D        | Killed Lom Lobon
 11578 | D        | Reached skill level 10 in Conjurations
 11706 | D        | Got an iron rune of Zot
 11710 | D        | Got a fiery rune of Zot
 11714 | D        | Got an icy rune of Zot
 11718 | D        | Got a glowing rune of Zot
 11722 | D        | Got a magical rune of Zot
 11726 | D        | Got a dark rune of Zot
 12139 | D        | Got the Orb of Zot
 12399 | D        | Reached skill level 10 in Spellcasting
 12457 | D        | Noticed Cekeut the pandemonium lord
 12464 | D        | Killed Cekeut the pandemonium lord
 12616 | D        | Noticed Nuxzuade the pandemonium lord
 12637 | D        | Killed Nuxzuade the pandemonium lord
 12735 | D        | Noticed Syot the pandemonium lord
 12745 | D        | Killed Syot the pandemonium lord
 12956 | D        | Noticed Nalir the pandemonium lord
 12961 | D        | Reached XP level 23. HP: 149/240 MP: 39/39
 12964 | D        | Reached skill level 27 in Maces & Flails
 12970 | D        | Killed Nalir the pandemonium lord
 13212 | D        | Noticed a seraph
 13241 | D        | Killed a seraph
 13359 | D        | Noticed Liywam the pandemonium lord
 13364 | D        | Killed Liywam the pandemonium lord
 13378 | D        | Learned a level 6 spell: Iron Shot
 13659 | D        | Reached skill level 15 in Earth Magic
 13709 | D        | Gained mutation: You have sharp toenails. [a neqoxec]
 13862 | D        | Gained mutation: You tend to lose your temper in combat. [a
                  | cacodemon]
 13864 | D        | Gained mutation: You do not regenerate when monsters are
                  | visible. [a cacodemon]
 13940 | D        | Reached skill level 15 in Conjurations
 14078 | D        | Noticed Fiosk the pandemonium lord
 14088 | D        | Killed Fiosk the pandemonium lord
 14169 | D        | Noticed Vaicyl the pandemonium lord
 14181 | D        | Killed Vaicyl the pandemonium lord
 14182 | D        | Reached skill level 15 in Spellcasting
 14221 | D        | Noticed Jutridush the pandemonium lord
 14266 | D        | Killed Jutridush the pandemonium lord
 14343 | D        | Noticed Lixt the pandemonium lord
 14352 | D        | Killed Lixt the pandemonium lord
 14435 | D        | Escaped with the Orb!

Illustrated notes

Levels and vault maps discovered:
D:        linesprint [early_d, line_temple, items_1, d_10, items_2, lair_1,
          lair_end, items_3, orc_1, orc_end, items_4, d_15, swamp_1, shoals_1,
          snake_1, spider_1, d_20, vaults_1, items_5, swamp_end, shoals_end,
          snake_end, spider_end, vaults_end, d_27, items_6, zot_1, zot_end,
          crypt_end, forest_end, elf_end, slime_end, tomb_end, abyss_end,
          pan_hell_end]

Skill      XL: |  1  2  3  4  5  6  7  8  9 10 11 12 13 14 15 16 17 18 19 20 21 22 23 |
---------------+----------------------------------------------------------------------+-----
Fighting       | 4 5 6 7 8 9 10 12 14 17 19 21 23 25 27 | 27.0
Armour         | 4 5 6 7 8 9 10 12 13 14 15 17 18 20 22 26 27 | 27.0
Shields        | 4 5 6 7 8 9 10 11 12 14 16 18 21 23 27 | 27.0
Long Blades    | 3 4 6 8 10 13 15 17 18 20 21 22 24 25 27 | 27.0
Dodging        | 1 2 3 4 5 7 8 20 25 27 | 27.0
Evocations     | 1 3 5 8 9 13 20 27 | 27.0
Stealth        | 1 10 19 25 27 | 27.0
Throwing       | 1 6 11 14 16 18 23 27 | 27.0
Invocations    | 2 6 17 21 25 27 | 27.0
Short Blades   | 1 8 |  8.0
Axes           | 2 8 17 25 | 25.8
Maces & Flails | 2 8 26 27 | 27.0
Polearms       | 2 8 |  8.8
Staves         | 2 8 |  8.6
Slings         | 1 13 23 27 | 27.0
Bows           | 1 |  1.8
Crossbows      | 1 |  1.8
Poison Magic   | 1 |  1.5
Conjurations   | 1 10 17 | 17.6
Hexes          | 1 |  1.3
Summonings     | 1 |  1.1
Necromancy     | 1 |  1.1
Translocations | 1 |  1.2
Transmutations | 1 |  1.2
Fire Magic     | 1 |  1.1
Ice Magic      | 1 |  1.2
Air Magic      | 1 |  1.2
Earth Magic    | 1 11 19 | 19.0
Spellcasting   | 10 16 | 16.3

Action                   |  1- 3 |  4- 6 |  7- 9 | 10-12 | 13-15 | 16-18 | 19-21 | 22-24 || total
-------------------------+-------+-------+-------+-------+-------+-------+-------+-------++-------
Melee: Long sword        |    18 |     5 |       |       |       |       |       |       ||    23
       Headbutt          |     4 |     7 |    11 |    54 |    45 |   120 |    67 |    67 ||   375
       Scimitar          |       |    24 |    67 |   175 |       |       |       |       ||   266
       Double sword      |       |       |       |    69 |   201 |   370 |   204 |    25 ||   869
       Eveningstar       |       |       |       |       |       |       |       |   248 ||   248
Throw: Javelin           |       |       |       |     9 |    44 |    32 |    72 |    26 ||   183
Invok: Divine Shield     |       |       |       |       |     2 |       |       |     3 ||     5
       Cleansing Flame   |       |       |       |       |       |       |     7 |    31 ||    38
Evoke: Wand              |       |       |     2 |     8 |     1 |       |     2 |       ||    13
       Tin of tremorston |       |       |       |     3 |     8 |       |       |       ||    11
       Lightning rod     |       |       |       |       |     6 |       |       |       ||     6
  Use: Potion            |       |       |     1 |     1 |     1 |       |     3 |    21 ||    27
       Scroll            |       |       |       |       |       |       |     4 |     6 ||    10
Armor: Scale mail        |     2 |     1 |       |       |       |       |       |       ||     3
       Chain mail        |       |    11 |    16 |    44 |    28 |       |       |       ||    99
       Gold dragon scale |       |       |       |       |    43 |    68 |    49 |    80 ||   240
Dodge: Dodged            |     5 |     9 |     8 |    48 |    37 |    52 |    39 |    75 ||   273
Block: Kite shield       |    12 |    18 |    24 |    75 |       |       |       |       ||   129
       Tower shield      |       |       |       |    81 |   226 |   256 |   191 |   304 ||  1058
       Rpst.: Long sword |     1 |       |       |       |       |       |       |       ||     1
       Scimitar          |       |     1 |     1 |     8 |       |       |       |       ||    10
       Double sword      |       |       |       |     2 |     2 |     5 |     6 |     2 ||    17

Table legend: (Time is in decaauts) A = Elapsed time spent in this place. B = Non-inter-level travel time spent in this place. C = Inter-level travel time spent in this place. D = Time resting spent in this place. E = Time spent auto-exploring this place. F = Levels seen in this place. G = Mean time per level. A B C D E F G +--------+--------+--------+--------+--------+-----+--------+ Total | 14037 | 13535 | 502 | 6655 | 1720 | 1 | 14037.0 | Dungeon | 14037 | 13535 | 502 | 6655 | 1720 | 1 | 14037.0 | +--------+--------+--------+--------+--------+-----+--------+

Top non-repeatable levels by time:
       D: 14037 daAuts
